 Dungeon Crawl Stone Soup version 0.30.1-11-g7821555f0a (webtiles) character file.

Game seed: 6947462660975531615

28513 monsoonserge the Grappler (level 13, -7/131 HPs)
             Began as a Troll Fighter on Nov 4, 2023.
             Was a High Priest of Wu Jian.
             Mangled by a large abomination (27 damage)
             ... in a Gauntlet.
             The game lasted 00:44:45 (11983 turns).

monsoonserge the Grappler (Troll Fighter)          Turns: 11983, Time: 00:44:45

Health: -7/131     AC: 10    Str: 33    XL:     13   Next: 10%
Magic:  12/13      EV: 10    Int:  8    God:    Wu Jian [*****.]
Gold:   1524       SH: 10    Dex:  9    Spells: 12/14 levels left

rFire   . .          .
                       - Unarmed
rCold   . . .        b - +0 kite shield
rNeg    . . .        N - +0 acid dragon scales
rPois   .            W - +1 hat {SInv}
rElec   .            m - +0 cloak
rCorr   +            (gloves unavailable)
SInv    +            (boots unavailable)
Will    .....        (no amulet)
Stlth   +            c - ring of wizardry
HPRegen 1.21/turn    U - +6 ring of strength
MPRegen 0.13/turn

%: no teleportation, wizardry (x1)
@: mighty, wereblooded
A: large, unfitting armour, claws 3, regeneration 1, shaggy fur 1, tough skin 1
a: Renounce Religion, Wall Jump, Serpent's Lash, Heavenly Storm


You were in a Gauntlet.
You worshipped Wu Jian.
Wu Jian was extremely pleased with you.
You visited 3 branches of the dungeon, and saw 15 of its levels.
You also visited: Gauntlet.

You collected 1524 gold pieces.

Inventory:

Hand Weapons
 S - the +4 sling of Ulum {freeze, Stlth+}
   (You found it on level 11 of the Dungeon)

   Stlth:     It makes you more stealthy.
Missiles
 a - 29 poisoned darts
 t - 12 boomerangs (quivered)
 H - a throwing net
 P - a curare-tipped dart
Armour
 b - a +0 kite shield (worn)
 m - a +0 cloak (worn)
 s - the +0 cloak of Odohovoe {rPois rF- Will+++ Dex-5}
   (You found it in a Gauntlet)

   Dex:       It affects your dexterity (-5).
   rF:        It makes you vulnerable to fire.
   rPois:     It protects you from poison.
   Will:      It greatly increases your willpower.
 N - +0 acid dragon scales (worn)
 W - a +1 hat of see invisible (worn)
Jewellery
 c - a ring of wizardry (left claw)
 e - a +6 ring of intelligence
 C - a ring of flight
 U - a +6 ring of strength (right claw)
Wands
 p - a wand of flame (52)
 r - a wand of paralysis (9)
 w - a wand of light (5)
 E - a wand of mindburst (10)
 F - a wand of roots (10)
 M - a wand of polymorph (14)
Scrolls
 f - 2 scrolls of enchant armour {unknown}
 j - 2 scrolls of enchant weapon {unknown}
 l - 3 scrolls of blinking
 x - a scroll of immolation
 y - a scroll of poison
 D - a scroll of torment
 I - 2 scrolls of amnesia {unknown}
 O - a scroll of fear
 Q - 2 scrolls of summoning {unknown}
 T - a scroll of magic mapping
 V - a scroll of silence
Potions
 d - 2 potions of degeneration {unknown}
 g - 6 potions of haste {unknown}
 h - 3 potions of attraction
 i - 5 potions of heal wounds
 k - 3 potions of mutation {unknown}
 n - 3 potions of lignification {unknown}
 o - a potion of invisibility {unknown}
 q - a potion of flight {unknown}
 u - 4 potions of berserk rage {unknown}
 z - 5 potions of might
 A - 3 potions of ambrosia {unknown}
 B - a potion of cancellation {unknown}
 G - 2 potions of brilliance {unknown}
 R - 2 potions of curing


   Skills:
 + Level 9.3 Fighting
 + Level 6.9 Dodging
 + Level 10.1 Shields
 * Level 14.8 Unarmed Combat
 - Level 1.0 Spellcasting
 - Level 2.0 Transmutations


You had 12 spell levels left.
You knew the following spells:

 Your Spells              Type           Power      Damage    Failure   Level
a - Wereblood             Tmut           3%         N/A       19%         2

Your spell library contained the following spells:

 Spells                   Type           Power      Damage    Failure   Level
 Beastly Appendage        Tmut           6%         N/A       12%         1
 Kiss of Death            Conj/Necr      0%         2d5       26%         1
 Shock                    Conj/Air       0%         1d3       26%         1
 Cigotuvi's Dreadful Rot  Necr/Pois/Air  0%         N/A       38%         2
 Spider Form              Tmut/Pois      2%         N/A       45%         3
 Confusing Touch          Hex            0%         N/A       61%         3
 Inner Flame              Hex/Fire       0%         N/A       61%         3
 Swiftness                Air            0%         N/A       61%         3
 Airstrike                Air            0%         2d(0-16)  93%         4
 Dispel Undead            Necr           0%         3d6       93%         4
 Flame Wave               Conj/Fire      0%         2d4       93%         4
 Sticky Flame             Conj/Fire      0%         2d3       93%         4
 Death Channel            Necr           0%         N/A       100%        6


Dungeon Overview and Level Annotations

Branches:
Dungeon (11/15)            Temple (1/1) D:6            Lair (3/5) D:9
  Swamp (0/4) Lair:3      Gauntlet (1/1)
  Snake: Lair:2-3    Spider: Lair:2-3       Orc: D:9-12

Altars:
Ashenzari
Cheibriados
Dithmenos
Elyvilon
Fedhas
Gozag
Hepliaklqana
Kikubaaqudgha
Makhleb
Nemelex Xobeh
Okawaru
Qazlal
Ru
Sif Muna
Trog
Uskayaw
Vehumet
Wu Jian
Xom
Yredelemnul
Zin
The Shining One

Shops:
D:1 :

Annotations:
D:8 Erica
D:10 3 runed translucent doors, Wiggles's ghost, journeyman MiBe; eliilek's ghost, journeyman MiFi; meatcentipede's ghost, novice GnFi; turdburglar's ghost, journeyman FoHu Gauntlet 13 transporters


Innate Abilities, Weirdness & Mutations

You are too large for most types of armour.
You have claws for hands.
Your natural rate of healing is unusually fast.
You are covered in fur. (AC +1)
You have tough skin. (AC +1)


Message History

Unknown command.
You claw the small abomination!
The small abomination is severely damaged.
You block the small abomination's attack.
The small abomination barely misses you.
Unknown command.
You claw the small abomination!
You feel a bit better.
You destroy the small abomination!
The Council accepts your kill.
The large abomination hits you!! x2; The small abomination hits you!
* * * LOW HITPOINT WARNING * * *
Unknown command.
Unknown command.
You feel very mighty all of a sudden.
You howl as the wereblood boils in your veins!
The large abomination hits you.
* * * LOW HITPOINT WARNING * * *
The small abomination barely misses you.
The small abomination hits you.
* * * LOW HITPOINT WARNING * * *
The large abomination hits you!
* * * LOW HITPOINT WARNING * * *
Press: ? - help, v - describe, . - travel
Here: a large abomination (moderately damaged)
The floor.
You scratch the large abomination but do no damage.
The large abomination is moderately damaged.
The small abomination misses you.
You block the small abomination's attack.
The large abomination barely misses you.
You block the large abomination's attack.
You claw the large abomination!
The large abomination is moderately damaged.
You howl as the wereblood boils in your veins!
The small abomination hits you but does no damage.
The small abomination barely misses you.
You scratch the large abomination but do no damage.
The large abomination is moderately damaged.
The large abomination hits you!!
You die...

################################
##≈..............................
8#...............................
##.###########.###########.######
#.##.99©?).##.#..=:©.?.x#.#..?!©
##.#.#.....#.#.#^.......x#.#.#.#.
8#.#..#...#..#.#..#...#.§#.#..#.#
##.#...#.#...#.#^X..^^...#.#.#.#.
#.#....#....#.#@xx.©....#.#..#.©
##.#...#9#...#.#xXx..^...#.#.#.#.
8#.#..#...#..#.#X.#...#^.#.#..#.#
##.#.#.....#9#.#........^#.#.#.#.
#.##......9##.#.........#.#t....
##.##############################
8#.§...#©...........©...........©
##§§...#############.############
####..............#.#§≈8≈≈#©....


You could see 3 large abominations, a molten gargoyle, a gargoyle and 4 small
abominations.

Vanquished Creatures
  Gastronok (Lair:3)
  A centaur warrior (D:11)
  4 death yaks
  A fire crab (Gauntlet)
  Lodul (D:11)
  Pikel (D:4)
  A worldbinder (Gauntlet)
  4 elephants (Lair:2)
  9 centaur zombies (D:11)
  2 cane toads (Lair:2)
  Psyche (D:8)
  A rime drake (Lair:2)
  5 komodo dragons
  A kobold demonologist (D:11)
  3 trolls
  2 hornets
  6 blink frogs
  A meliai zombie (D:11)
  3 wraiths
  A shadow (D:11)
  5 wyverns
  4 fire bats (Gauntlet)
  2 small abominations (Gauntlet)
  32 yaks
  Grum (D:8)
  A steam dragon (D:7)
  3 vampire mosquitoes (Lair:3)
  An acid dragon (D:9)
  5 water moccasins
  Duvessa (D:5)
  An orc warrior (D:11)
  4 black bears
  2 sky beasts
  8 wolves
  9 ogres
  3 centaurs
  2 boggarts (Gauntlet)
  A lemure (D:4)
  2 kobold brigands
  3 bullfrogs
  A gnoll sergeant (D:9)
  3 scorpions
  11 wights
  Dowan (D:5)
  14 killer bees
  5 howler monkeys
  An electric eel (Lair:3)
  A quasit (D:4)
  5 hounds
  3 orc priests
  Crazy Yiuf (D:7)
  2 iguanas
  3 iron imps (D:7)
  3 orc wizards
  Terence (D:3)
  A boggart zombie (D:11)
  12 gnolls
  9 adders
  2 shadow imps (D:4)
  4 white imps
  4 ufetubi
  2 worms (D:3)
  3 dart slugs
  21 orcs
  6 endoplasms
  3 giant cockroaches
  7 goblins
  7 hobgoblins
  9 jackals
  6 quokkas
  9 ball pythons
  6 bats
  4 frilled lizards
  23 kobolds
  4 rats
336 creatures vanquished.

Vanquished Creatures (others)
  An orc (D:7)
1 creature vanquished.

Grand Total: 337 creatures vanquished

Notes
Turn   | Place    | Note
-------+----------+-------------------------------------------
     0 | D:1      | monsoonserge the Troll Fighter began the quest for the Orb.
     0 | D:1      | Reached XP level 1. HP: 22/22 MP: 0/0
    58 | D:1      | Reached XP level 2. HP: 29/29 MP: 1/1
   209 | D:1      | Found Iribb's Book Shoppe.
   257 | D:1      | Reached XP level 3. HP: 36/36 MP: 2/2
   576 | D:2      | Reached skill level 3 in Unarmed Combat
   576 | D:2      | Reached XP level 4. HP: 44/44 MP: 3/3
  1128 | D:3      | Found a hazy altar of Hepliaklqana.
  1219 | D:3      | Found a shadowy altar of Dithmenos.
  1351 | D:3      | Noticed Terence
  1362 | D:3      | Killed Terence
  1366 | D:3      | Reached XP level 5. HP: 45/53 MP: 4/4
  1942 | D:4      | Reached skill level 4 in Unarmed Combat
  2005 | D:4      | Noticed an ogre
  2193 | D:4      | Found a sacrificial altar of Ru.
  2305 | D:4      | Reached XP level 6. HP: 61/61 MP: 5/5
  2669 | D:4      | Found a shimmering blue altar of Sif Muna.
  3021 | D:4      | Reached skill level 5 in Unarmed Combat
  3086 | D:5      | Entered Level 5 of the Dungeon
  3112 | D:5      | Noticed Dowan
  3113 | D:5      | Noticed Duvessa
  3130 | D:5      | Killed Duvessa
  3131 | D:5      | Reached XP level 7. HP: 43/68 MP: 6/6
  3133 | D:5      | Killed Dowan
  3189 | D:5      | Reached skill level 6 in Unarmed Combat
  3532 | D:5      | Reached XP level 8. HP: 76/79 MP: 7/7
  3607 | D:5      | Noticed Pikel
  3689 | D:4      | Killed Pikel
  3690 | D:4      | Reached skill level 5 in Fighting
  3690 | D:4      | Reached skill level 5 in Shields
  3690 | D:4      | Reached skill level 7 in Unarmed Combat
  3866 | D:6      | Found a staircase to the Ecumenical Temple.
  3871 | Temple   | Entered the Ecumenical Temple
  4041 | D:6      | Reached skill level 8 in Unarmed Combat
  4090 | D:6      | Found an ornate altar of the Wu Jian Council.
  4093 | D:6      | Became a worshipper of the Wu Jian Council
  4422 | D:6      | Found a glowing golden altar of the Shining One.
  4465 | D:6      | Reached XP level 9. HP: 88/88 MP: 8/8
  4799 | D:7      | Reached skill level 9 in Unarmed Combat
  4890 | D:7      | Found a runed translucent door.
  4891 | D:7      | Noticed Crazy Yiuf
  4921 | D:7      | Reached * piety under Wu Jian
  5094 | D:7      | Found a burning altar of Makhleb.
  5111 | D:7      | Identified the +8 whip of Gatiej {flame, rElec rPois Str+4
                  | Int+5}
  5300 | D:7      | Killed Crazy Yiuf
  5433 | D:8      | Noticed Erica
  5463 | D:8      | Noticed Psyche
  5521 | D:8      | Noticed Grum
  5561 | D:7      | Reached skill level 10 in Unarmed Combat
  5652 | D:8      | Reached ** piety under Wu Jian
  5654 | D:8      | Reached XP level 10. HP: 70/100 MP: 9/9
  5665 | D:7      | HP: 4/100 [killer bee (4)]
  5776 | D:8      | Killed Grum
  5902 | D:8      | Learned a level 2 spell: Wereblood
  6119 | D:8      | Killed Psyche
  6217 | D:8      | Reached skill level 11 in Unarmed Combat
  6228 | D:8      | Paralysed by a hornet for 3 turns
  6232 | D:8      | Reached skill level 1 in Transmutations
  6609 | D:9      | Found a broken altar of Ashenzari.
  6639 | D:9      | Found a staircase to the Lair.
  6715 | D:9      | Reached skill level 1 in Spellcasting
  6951 | D:9      | Found an ancient bone altar of Kikubaaqudgha.
  7101 | D:10     | Entered Level 10 of the Dungeon
  7282 | D:10     | Reached XP level 11. HP: 109/109 MP: 11/11
  7330 | D:10     | Found an opulent altar of Gozag.
  7466 | D:10     | Found a runed translucent gate.
  7466 | D:10     | Found a runed translucent gate.
  7466 | D:10     | Found a runed translucent gate.
  7468 | D:10     | Noticed eliilek's ghost (journeyman MiFi)
  7468 | D:10     | Noticed Wiggles's ghost (journeyman MiBe)
  7469 | D:10     | Noticed turdburglar's ghost (journeyman FoHu)
  7469 | D:10     | Noticed meatcentipede's ghost (novice GnFi)
  7530 | D:10     | Found a blossoming altar of Fedhas.
  7808 | D:10     | Found a basalt altar of Yredelemnul.
  8082 | D:11     | Reached skill level 12 in Unarmed Combat
  8085 | D:11     | Reached *** piety under Wu Jian
  8117 | D:11     | Found a basalt altar of Yredelemnul.
  8154 | D:11     | Identified the +4 sling of Ulum {freeze, Stlth+}
  8169 | D:11     | Noticed Lodul
  8362 | D:11     | Noticed a centaur warrior
  8379 | D:11     | Killed a centaur warrior
  8525 | D:11     | Reached skill level 5 in Dodging
  8559 | D:11     | Killed Lodul
  8580 | D:11     | Reached skill level 13 in Unarmed Combat
  8783 | D:11     | Reached **** piety under Wu Jian
  8789 | D:11     | Reached XP level 12. HP: 85/120 MP: 12/12
  9279 | Lair:1   | Entered Level 1 of the Lair of Beasts
 10065 | Lair:2   | Noticed a death yak
 10065 | Lair:2   | Noticed a death yak
 10065 | Lair:2   | Noticed a death yak
 10065 | Lair:2   | Noticed a death yak
 10073 | Lair:1   | Killed a death yak
 10208 | Lair:2   | Killed a death yak
 10209 | Lair:2   | Reached skill level 14 in Unarmed Combat
 10211 | Lair:2   | Killed a death yak
 10214 | Lair:2   | Killed a death yak
 10966 | Lair:3   | Found a staircase to the Swamp.
 11022 | Lair:3   | Reached ***** piety under Wu Jian
 11042 | Lair:3   | Noticed Gastronok
 11043 | Lair:3   | Found a gate leading to a gauntlet.
 11059 | Lair:3   | Killed Gastronok
 11060 | Lair:3   | Reached skill level 10 in Shields
 11060 | Lair:3   | Reached XP level 13. HP: 109/131 MP: 13/13
 11078 | Gauntlet | Entered a Gauntlet
 11078 | Gauntlet | Found a transporter.
 11089 | Gauntlet | Found a transporter.
 11120 | Gauntlet | Found a transporter.
 11143 | Gauntlet | Found a transporter.
 11145 | Gauntlet | Found a transporter.
 11146 | Gauntlet | Found a transporter.
 11160 | Gauntlet | Found a transporter.
 11175 | Gauntlet | Found a transporter.
 11182 | Gauntlet | Found a transporter.
 11215 | Gauntlet | Found a transporter.
 11224 | Gauntlet | Found a transporter.
 11242 | Gauntlet | Found a transporter.
 11256 | Gauntlet | Found a transporter.
 11258 | Gauntlet | Noticed a dire elephant
 11270 | Gauntlet | Found a transporter.
 11275 | Gauntlet | Found a transporter.
 11275 | Gauntlet | Found a transporter.
 11292 | Gauntlet | Found a transporter.
 11297 | Gauntlet | Found a transporter.
 11855 | Gauntlet | Identified the +0 cloak of Odohovoe {rPois rF- Will+++
                  | Dex-5}
 11983 | Gauntlet | Mangled by a large abomination

Illustrated notes

Levels and vault maps discovered:
D:1:      amcnicky_arrival_gap_in_the_tavern_cellar, layout_rooms, serial_shops,
          nicolae_shop_crystal, minmay_close_crescents
D:2:      layout_loops_cross
D:3:      layout_loops_cross, mainiacjoe_overflow_24_doors,
          mainiacjoe_overflow_catwalk, bh_walls_and_bars, uniq_terence
D:4:      layout_basic, mainiacjoe_overflow_brackets,
          nicolae_ru_great_annihilating_truth, serial_demonic, serial_demonic_a,
          serial_demonic_e, serial_demonic_d, serial_demonic_c
D:5:      layout_basic, uniq_duvessa, uniq_pikel
D:6:      layout_gridville, kennysheep_mini, lemuel_doored_altar,
          minmay_temple_entry_nine_rooms, minmay_between
D:7:      layout_rooms, demons_altar, grunt_ministairs_12, minivault_22,
          uniq_crazy_yiuf_cottage
D:8:      layout_rooms, minmay_misc_feat_alley, uniq_psyche, uniq_erica,
          uniq_grum
D:9:      layout_loops_ring, lemuel_round_altar, cheibrodos_ashenzari_chains,
          lair_entry_dummy
D:10:     layout_small_grid, mainiacjoe_overflow_surrounded_room,
          fedhas_altar_1, nicolae_overflow_hidden_temple,
          gammafunk_ghost_cemetery
D:11:     layout_irregular_city, nicolae_yredelemnul_corpse_copse, uniq_lodul
Temple:   eino_wide_crystal_templ
Lair:1:   layout_chaotic_city, beast_lair_carwin_1, grunt_megastairs_5,
          serial_bayou_shore_a
Lair:2:   layout_gridlike
Lair:3:   layout_long_grid, minmay_swamp_entry_swarm,
          spider_nest_entry_web_field, gauntlet_entry_generic,
          grunt_megastairs_3, uniq_gastronok
Gauntlet: gammafunk_gauntlet_one_two_three [gammafunk_gauntlet_arena_chambers,
          gammafunk_gauntlet_arena_mazey, nicolae_gauntlet_arena_blocks,
          gammafunk_gauntlet_arena_spirals, nicolae_gauntlet_arena_flowing_pool,
          nicolae_gauntlet_arena_t_cross, gammafunk_gauntlet_arena_grid,
          gammafunk_gauntlet_arena_hedges, nicolae_gauntlet_arena_x,
          gauntlet_exit_green]

Skill      XL: |  1  2  3  4  5  6  7  8  9 10 11 12 |
---------------+-------------------------------------+-----
Shields        | 3 4 5 7 9 10 | 10.1
Dodging        | 3 5 6 |  6.9
Unarmed Combat | 3 4 5 6 8 10 11 13 14 | 14.8
Fighting       | 3 4 5 6 7 8 9 |  9.3
Transmutations | 2 |  2.0
Spellcasting   | 1 |  1.0

Action                     |  1- 3 |  4- 6 |  7- 9 | 10-12 | 13-15 || total
---------------------------+-------+-------+-------+-------+-------++-------
  Melee: Unarmed           |    92 |   254 |   264 |   633 |    42 ||  1285
  Throw: Boomerang         |       |     2 |     1 |       |     1 ||     4
         Dart              |       |       |     3 |     1 |       ||     4
   Cast: Wereblood         |       |       |       |       |     2 ||     2
Ability: Lunge             |       |       |    12 |    48 |     2 ||    62
         Whirlwind         |       |       |    36 |   209 |    18 ||   263
         Wall Jump         |       |       |       |     1 |       ||     1
  Evoke: Wand              |       |       |     2 |     9 |       ||    11
    Use: Potion            |       |     1 |     2 |     3 |     2 ||     8
         Scroll            |       |       |     3 |     8 |     1 ||    12
   Stab: Sleeping          |       |     2 |       |       |       ||     2
         Paralysed         |       |     1 |       |       |       ||     1
 Armour: Robe              |    34 |    69 |    31 |       |       ||   134
         Steam dragon scal |       |       |    48 |    32 |       ||    80
         Acid dragon scale |       |       |       |   119 |     7 ||   126
         Skin              |       |       |       |     7 |       ||     7
  Dodge: Dodged            |    31 |    99 |   104 |   162 |    19 ||   415
  Block: Kite shield       |    33 |    97 |    94 |   217 |    13 ||   454
